 Dungeon Crawl Stone Soup version 0.26.1-2-gb8aa6d0cf2 (webtiles) character file.

Game seed: 12478170573615883343

291 dohliylev the Ruffian (level 6, -5/59 HPs)
             Began as a Troll Warper on Mar 27, 2021.
             Slain by Pikel
             ... wielding a +0 whip of flaming
              (11 damage)
             ... on level 4 of the Dungeon.
             The game lasted 00:07:16 (2543 turns).

dohliylev the Ruffian (Troll Warper)                Turns: 2543, Time: 00:07:17

Health: -5/59      AC:  7    Str: 22    XL:     6   Next: 10%
Magic:  1/7        EV: 10    Int:  9    God:
Gold:   73         SH:  0    Dex:  9    Spells: 3/8 levels left

rFire    . . .     SeeInvis .     - Unarmed
rCold    . . .     Faith    .   (no shield)
rNeg     . . .     Spirit   .   a - +0 robe
rPois    .         Reflect  .   o - +1 hat
rElec    .         Harm     .   (no cloak)
rCorr    .         Rampage  .   (gloves unavailable)
Will     .....                  (boots unavailable)
Stlth    +.........             (no amulet)
HPRegen  0.59/turn              (no ring)
MPRegen  0.10/turn              (no ring)

@: no status effects
A: large, unfitting armour, claws 3, regeneration 1, shaggy fur 1, tough skin 3
a: no special abilities


You were on level 4 of the Dungeon.
You visited 1 branch of the dungeon, and saw 4 of its levels.

You collected 73 gold pieces.

Inventory:

Missiles
 d - 5 boomerangs of dispersal (quivered)
Armour
 a - a +0 robe (worn)
 o - a +1 hat (worn)
Scrolls
 b - a scroll of random uselessness {unknown}
 c - a scroll of blinking
 e - a scroll of magic mapping {unknown}
 h - 2 scrolls of remove curse {unknown}
 i - 2 scrolls of enchant weapon {unknown}
 j - 3 scrolls of noise {unknown}
 k - a scroll of teleportation {unknown}
 n - 4 scrolls of identify {unknown}
 p - a scroll of fear {unknown}
 r - 2 scrolls of enchant armour {unknown}
Potions
 f - a potion of curing {unknown}
 g - 3 potions of might
 l - a potion of degeneration {unknown}
 m - 2 potions of cancellation {unknown}
 q - 3 potions of magic {unknown}
 s - a potion of lignification {unknown}
 t - a potion of heal wounds {unknown}
 u - a potion of mutation {unknown}


   Skills:
 + Level 2.4 Fighting
 - Level 0.8 Throwing
 + Level 3.2 Dodging
 + Level 4.1 Unarmed Combat
 + Level 1.6 Spellcasting
 + Level 2.8 Translocations


You had 3 spell levels left.
You knew the following spells:

 Your Spells              Type           Power        Failure   Level
a - Blink                 Tloc           N/A          16%         2
b - Gell's Gravitas       Tloc           2%           32%         3

Your spell library contained the following spells:

 Spells                   Type           Power        Failure   Level
 Lesser Beckoning         Tloc           2%           32%         3
 Teleport Other           Tloc           5%           32%         3
 Passage of Golubria      Tloc           N/A          71%         4


Dungeon Overview and Level Annotations

Branches:
Dungeon (4/15)
 Temple: D:4-7

Altars:
Ashenzari

Annotations:
D:4 Pikel


Innate Abilities, Weirdness & Mutations

You are too large for most types of armour.
You have claws for hands.
Your natural rate of healing is unusually fast.
You are covered in fur. (AC +1)
You have extremely tough skin. (AC +3)


Message History

Pikel is severely wounded.
Pikel hits you but does no damage.
You barely miss Pikel.
Pikel is severely wounded.
Pikel closely misses you.
You scratch Pikel but do no damage.
Pikel is severely wounded.
Pikel hits you with a +0 whip of flaming!
* * * LOW HITPOINT WARNING * * *
Pikel burns you.
* * * LOW HITPOINT WARNING * * *
You scratch Pikel.
Pikel is severely wounded.
Pikel cracks his whip.
Pikel hits you but does no damage.
Your magical contamination has completely faded away.
You barely miss Pikel.
Pikel is severely wounded.
Pikel hits you with a +0 whip of flaming!
You die...

....##..........[.....
##...#..[.............
#......<#......###....
......#....(...#
#..##........... ..
###........# .
#55.#....# #K#......#
#@###..... #.# #.$..
#.# .... ..# .. .###
.. .. ... .##


You could see Pikel (strong) and 2 lemures.

Vanquished Creatures
  An ogre (D:1)
  A lemure (D:3)
  Natasha (thrice) (D:2)
  4 adders
  2 worms
  A dart slug (D:2)
  A leopard gecko (D:3)
  11 orcs
  9 bats
  3 giant cockroaches (D:2)
  8 goblins
  8 hobgoblins
  6 kobolds
  2 ball pythons
  5 frilled lizards
  10 rats
75 creatures vanquished.

Notes
Turn   | Place    | Note
-------+----------+-------------------------------------------
     0 | D:1      | dohliylev the Troll Warper began the quest for the Orb.
     0 | D:1      | Reached XP level 1. HP: 19/19 MP: 1/1
    95 | D:1      | Reached XP level 2. HP: 24/27 MP: 3/3
   842 | D:2      | Noticed Natasha
   857 | D:2      | Killed Natasha
   858 | D:2      | Reached XP level 3. HP: 11/35 MP: 4/4
   919 | D:2      | Noticed an ogre
   970 | D:1      | Killed an ogre
   971 | D:1      | Reached skill level 3 in Unarmed Combat
   971 | D:1      | Reached XP level 4. HP: 40/42 MP: 5/5
   971 | D:1      | Reached XP level 5. HP: 47/49 MP: 6/6
  1004 | D:2      | Noticed Natasha
  1013 | D:2      | Killed Natasha
  1211 | D:2      | Noticed Natasha
  1220 | D:2      | Killed Natasha
  1304 | D:2      | Found a broken altar of Ashenzari.
  1932 | D:3      | Learned a level 2 spell: Blink
  1936 | D:3      | Learned a level 3 spell: Gell's Gravitas
  2068 | D:3      | Reached skill level 4 in Unarmed Combat
  2068 | D:3      | Reached XP level 6. HP: 59/59 MP: 0/7
  2375 | D:4      | Noticed Pikel
  2543 | D:4      | Slain by Pikel

Illustrated notes

Levels and vault maps discovered:
D:1:      sevenhm_arrival_forest_fort_small_4, layout_basic
D:2:      layout_basic, evilmike_ruin_ashenzari, uniq_natasha
D:3:      layout_rooms
D:4:      layout_rooms, kennysheep_mini, lemuel_coloured_pillars_altar,
          uniq_grinder, uniq_pikel

Skill      XL: |  1  2  3  4  5 |
---------------+----------------+-----
Dodging        | 2 3 |  3.2
Unarmed Combat | 3 4 |  4.1
Fighting       | 2 |  2.4
Throwing       | |  0.8
Spellcasting   | |  1.6
Translocations | |  2.8

Action                   |  1- 3 |  4- 6 || total
-------------------------+-------+-------++-------
Melee: Unarmed           |   101 |   170 ||   271
       Punch             |     1 |     5 ||     6
 Cast: Gell's Gravitas   |       |     6 ||     6
Armor: Robe              |    44 |    62 ||   106
Dodge: Dodged            |    50 |    99 ||   149
